 Dungeon Crawl Stone Soup version 0.27-a0-1206-g6342a01c75 (webtiles) character file.

Game seed: 11158180947886293720

151 Delamore the Skirmisher (level 5, -5/43 HPs)
             Began as a Formicid Fighter on June 5, 2021.
             Was an Initiate of Cheibriados.
             Killed from afar by a white imp (12 damage)
             ... with a puff of frost
             ... summoned by Natasha
             ... on level 2 of the Dungeon.
             The game lasted 00:02:12 (3579 turns).

Delamore the Skirmisher (Formicid Fighter)          Turns: 3579, Time: 00:02:13

Health: -5/43      AC:  8    Str: 22    XL:     5   Next: 60%
Magic:  5/5        EV:  8    Int:  9    God:    Cheibriados [......]
Gold:   85         SH: 10    Dex: 11    Spells: 4/4 levels left

rFire    + . .     SeeInvis +   a - +0 trident
rCold    . . .     Faith    .   c - +1 kite shield
rNeg     . . .     Spirit   .   b - +0 scale mail
rPois    .         Reflect  .   (helmet unavailable)
rElec    .         Harm     .   (no cloak)
rCorr    .         Rampage  .   j - +0 pair of gloves
Will     .....                  (no boots)
Stlth    ..........             (no amulet)
HPRegen  0.14/turn              e - ring of protection from fire
MPRegen  0.09/turn              (no ring)

@: very slow
A: permanent stasis, dig shafts and tunnels, antennae 3, four strong arms
a: Dig, Shaft Self, Renounce Religion, Bend Time


You were on level 2 of the Dungeon.
You worshipped Cheibriados.
Cheibriados was noncommittal.
You visited 1 branch of the dungeon, and saw 3 of its levels.

You collected 85 gold pieces.

Inventory:

Hand Weapons
 a - a +0 trident (weapon)
Missiles
 g - 8 poisoned darts
 h - 8 atropa-tipped darts
Armour
 b - a +0 scale mail (worn)
 c - a +1 kite shield (worn)
 j - a +0 pair of gloves (worn)
Jewellery
 e - a ring of protection from fire (left hand)
Potions
 d - a potion of might
 f - 2 potions of flight {unknown}
 i - 2 potions of lignification {unknown}


   Skills:
 + Level 4.5 Fighting
 * Level 4.5 Polearms
 - Level 3.2 Armour
 - Level 3.6 Shields


You had 4 spell levels left.
You didn't know any spells.
Your spell library was empty.

Dungeon Overview and Level Annotations

Branches:
Dungeon (3/15)

Altars:
Cheibriados
Fedhas

Annotations:
D:2 1 runed translucent door, exclusion: oklob plant, Crazy Yiuf, Natasha


Innate Abilities, Weirdness & Mutations

You cannot be hasted, slowed, berserked, paralysed or teleported.
You can dig through walls and to a lower floor.
You have a pair of large antennae on your head. (SInv)
Your four strong arms can wield two-handed weapons with a shield.


Message History

You resist with some effort.
Natasha zaps a wand.
The puff of flame hits you but does no damage.
You resist.
Natasha mumbles some strange words.
Natasha shimmers violently.
Natasha casts a spell at you. The magic dart hits you.
* * * LOW HITPOINT WARNING * * *
Reach: a) +0 trident
Press: ? - help, Dir - move target, f/p - Natasha
Aim: Natasha, carrying a wand of flame (23) (almost dead, about 49% to evade your +0 trident)
You reach to attack!
You barely miss Natasha.
Natasha is almost dead.
Reach: a) +0 trident
Press: ? - help, Dir - move target, f/p - Natasha
Aim: Natasha, carrying a wand of flame (23) (almost dead, about 49% to evade your +0 trident)
You barely miss Natasha.
Natasha is almost dead.
You block Natasha's attack.
You hit Natasha but do no damage.
Natasha is almost dead.
Natasha casts a spell.
You closely miss Natasha.
Natasha is almost dead.
Natasha casts a spell at you.
Your stasis prevents you from being slowed.
You hit Natasha but do no damage.
Natasha is almost dead.
Natasha splashes around in the water.
The white imp hits you but does no damage.
You closely miss Natasha.
Natasha is almost dead.
Natasha casts a spell.
You block the white imp's attack. Natasha barely misses you.
You hit Natasha but do no damage.
Natasha is almost dead.
The white imp sputters.
The white imp gestures at you. The puff of frost hits you!
You die...

.#######.########
#....# ##..###.
.#.....#......##
##....# #......
[#.###.#.......#
#.....# ##.....
.#.# #.##......#
#.....# #.....
.#.# #.#######.#
#.....# #.....
...###.#
#.###.##### ##..#.
.....#.#
#.........#
###.... ####.#.#
#≈h5...##.#
##.....# ####.#.#
#≈≈@...##.#
#....... .......#
###5#######.#
#.......
.......#####...).#
###.###.##....
.................#
#.#.#...##.#.>
.[......####.....#
#...#.#.....#.
......#.# #######
#.###....#....
###.###.# #.#
###.....## ....#
#.# #.###.......#
###.# #.#
#.#<.....##.##


You could see Natasha, a crimson imp (summoned) and a white imp (summoned).

Vanquished Creatures
  Natasha (twice) (D:2)
  Terence (D:2)
  Robin (D:2)
  2 adders
  A worm (D:2)
  2 ball pythons
  4 endoplasms
  2 giant cockroaches (D:1)
  8 goblins
  3 hobgoblins
  3 jackals (D:2)
  4 kobolds
  2 quokkas
  3 bats
  5 frilled lizards
  2 rats
45 creatures vanquished.

Notes
Turn   | Place    | Note
-------+----------+-------------------------------------------
     0 | D:1      | Delamore the Formicid Fighter began the quest for the Orb.
     0 | D:1      | Reached XP level 1. HP: 18/18 MP: 1/1
   381 | D:1      | Found a faded altar of an unknown god.
   423 | D:1      | Became a worshipper of Fedhas Madash
   423 | D:1      | Reached * piety under Fedhas
   509 | D:1      | Reached XP level 2. HP: 23/24 MP: 2/2
   963 | D:2      | Reached XP level 3. HP: 30/30 MP: 3/3
   986 | D:2      | Found a snail-covered altar of Cheibriados.
  1037 | D:2      | Noticed Natasha
  1297 | D:2      | Killed Natasha
  1298 | D:2      | Reached XP level 4. HP: 19/37 MP: 4/4
  1482 | D:2      | Noticed Terence
  1493 | D:2      | Killed Terence
  1603 | D:2      | Reached ** piety under Fedhas
  1636 | D:2      | Fell from the grace of Fedhas
  1636 | D:2      | Became a worshipper of Cheibriados the Contemplative
  1864 | D:2      | Reached XP level 5. HP: 40/42 MP: 5/5
  2610 | D:2      | Noticed Robin
  2624 | D:2      | Killed Robin
  2773 | D:2      | Found a runed translucent door.
  2774 | D:2      | Noticed Crazy Yiuf
  2883 | D:2      | Noticed an oklob plant
  2883 | D:2      | Noticed a wandering mushroom
  3267 | D:2      | Noticed Natasha
  3275 | D:2      | Killed Natasha
  3559 | D:2      | Noticed Natasha
  3579 | D:2      | Killed from afar by a white imp

Illustrated notes

Levels and vault maps discovered:
D:1:      lemuel_arrival_muddy, layout_rooms, serial_forest,
          infiniplex_forest_straight_4, infiniplex_forest_clump_medium,
          infiniplex_forest_lined_2, infiniplex_forest_zigzag_1,
          infiniplex_forest_straight_1, infiniplex_forest_clump_curved,
          shapermc_ecumenical_altar_starsandcircs
D:2:      layout_basic, basic_altar, nrook_mini_backslash, uniq_natasha,
          uniq_terence, uniq_crazy_yiuf_cottage, uniq_robin
D:3:      layout_basic, lexackson_kobold_supper

Skill      XL: |  1  2  3  4 |
---------------+-------------+-----
Polearms       | 3 4 |  4.5
Fighting       | 4 |  4.5
Armour         | |  3.2
Shields        | |  3.6

Action                   |  1- 3 |  4- 6 || total
-------------------------+-------+-------++-------
Melee: Trident           |   108 |    87 ||   195
  Use: Scroll            |     1 |       ||     1
Armor: Scale mail        |    48 |    28 ||    76
Dodge: Dodged            |    47 |    23 ||    70
Block: Kite shield       |    49 |    39 ||    88

Table legend: (Time is in decaauts)
 A = Elapsed time spent in this place.
 B = Non-inter-level travel time spent in this place.
 C = Inter-level travel time spent in this place.
 D = Time resting spent in this place.
 E = Time spent auto-exploring this place.
 F = Levels seen in this place.
 G = Mean time per level.
                   A        B        C        D        E       F      G
               +--------+--------+--------+--------+--------+-----+--------+
         Total |   3840 |   3732 |    108 |   1108 |   2195 |   3 | 1280.0 |
       Dungeon |   3840 |   3732 |    108 |   1108 |   2195 |   3 | 1280.0 |
               +--------+--------+--------+--------+--------+-----+--------+

Top non-repeatable levels by time:
     D:2: 2639 daAuts
     D:1: 983 daAuts
     D:3: 217 daAuts
